 Dungeon Crawl Stone Soup version 0.26.1-11-gd32895ea62 (webtiles) character file.

Game seed: 10704442829410909864

6820 UrgTar the Blocker (level 10, 0/86 HPs)
             Began as a Minotaur Fighter on June 20, 2021.
             Succumbed to Erica's bolt of poison
             ... on level 1 of the Lair of Beasts on June 21, 2021.
             The game lasted 01:36:42 (8658 turns).

UrgTar the Blocker (Minotaur Fighter)               Turns: 8658, Time: 01:36:42

Health: 0/86       AC: 10    Str: 22    XL:     10   Next: 77%
Magic:  9/9        EV: 13    Int:  5    God:
Gold:   297        SH: 17    Dex: 12    Spells: 9/9 levels left

rFire    + + .     SeeInvis .   a - +0 long sword
rCold    . . .     Faith    .   c - +0 kite shield
rNeg     . . .     Spirit   .   d - +2 ring mail {rF+}
rPois    .         Reflect  +   (helmet restricted)
rElec    .         Harm     .   K - +2 cloak
rCorr    .         Rampage  .   (no gloves)
Will     +....                  Y - +0 pair of boots
Stlth    +.........             v - amulet of reflection
HPRegen  0.64/turn              j - ring of willpower
MPRegen  0.11/turn              S - ring of protection from fire

@: lethally poisoned (0 -> -4)
A: retaliatory headbutt, hooves 2, horns 2, deformed body, regeneration 1
a: no special abilities


You were on level 1 of the Lair of Beasts.
You visited 2 branches of the dungeon, and saw 9 of its levels.
You also visited: Sewer.

You collected 549 gold pieces.
You spent 252 gold pieces at shops.

Inventory:

Hand Weapons
 a - a +0 long sword (weapon)
 h - a +1 hunting sling of freezing
 q - a +1 short sword of protection
 t - a +0 vampiric spear
 u - a +1 mace of holy wrath
 w - a +0 spear
 C - a +0 hand axe
 L - a +2 quarterstaff of chaos
 M - a +0 short sword
 W - a +3 mace
Missiles
 m - 19 bolts
 s - 213 stones
 B - 23 poisoned darts
Armour
 c - a +0 kite shield (worn)
 d - a +2 ring mail of fire resistance (worn)
 f - a +1 ring mail
 i - a +0 buckler
 o - a +0 scale mail
 r - a +0 pair of boots
 y - a +2 robe of willpower
 H - a +0 scale mail
 K - a +2 cloak (worn)
 P - a +0 buckler
 Q - a +0 scale mail
 R - a +0 buckler
 T - a +0 helmet
 U - a +0 cloak
 Y - a +0 pair of boots (worn)
Jewellery
 j - a ring of willpower (left hand)
 v - an amulet of reflection (around neck)
 D - an uncursed ring of resist corrosion
 I - a cursed ring of resist corrosion
 O - an uncursed ring of wizardry
 S - a ring of protection from fire (right hand)
Wands
 k - a wand of iceblast (22)
 l - a wand of random effects (12)
 n - a wand of enslavement (7)
 E - a wand of acid (1) (quivered)
 J - a wand of digging (5)
Scrolls
 e - 3 scrolls of remove curse
 g - a scroll of amnesia
 x - 3 scrolls of teleportation
 z - a scroll of magic mapping
 A - a scroll of fog
 F - 5 scrolls of identify
 N - 3 scrolls of enchant armour
 V - a scroll of immolation
Potions
 b - a potion of attraction
 p - a potion of lignification {unknown}
 G - a potion of cancellation
 Z - 3 potions of magic


   Skills:
 + Level 7.5 Fighting
 + Level 10.9 Long Blades
 + Level 0.3 Slings
 + Level 7.9 Armour
 + Level 6.7 Dodging
 + Level 1.6 Stealth
 + Level 11.3 Shields
 + Level 0.9 Evocations


You had 9 spell levels left.
You didn't know any spells.
Your spell library contained the following spells:

 Spells                   Type           Power        Failure   Level
 Shock                    Conj/Air       0%           78%         1
 Swiftness                Air            0%           89%         2
 Static Discharge         Conj/Air       0%           98%         3
 Airstrike                Air            0%           100%        4
 Lightning Bolt           Conj/Air       0%           100%        5


Dungeon Overview and Level Annotations

Branches:
Dungeon (8/15)             Temple (0/1) D:6            Lair (1/6) D:8
  Sewer (visited)

Altars:
Xom
The Shining One

Shops:
D:7 }}(=   D:8 [[[}(

Annotations:
Lair:1 Erica


Innate Abilities, Weirdness & Mutations

You reflexively headbutt those who attack you in melee.
You have a pair of horns on your head.
You have hoof-like feet.
Armour fits poorly on your strangely shaped body.
Your natural rate of healing is unusually fast.


Message History

Something hits you.
* * * LOW HITPOINT WARNING * * *
You miss something. You headbutt something! Something hits you.
* * * LOW HITPOINT WARNING * * *
You barely miss something.
You hear some strange, mumbled words.
A bolt of poison appears from out of thin air!
The bolt of poison hits you!!
You are more poisoned.
* * * LOW HITPOINT WARNING * * *
You hit something but do no damage. You headbutt something!
* * * LOW HITPOINT WARNING * * *
You feel sick.
You barely miss something. Your headbutt misses something.
* * * LOW HITPOINT WARNING * * *
You feel sick.
You hear some strange, mumbled words.
Something tries to affect you, but you resist.
Your ring mail prevents you from hitting something.
You die...

.....### #.##....#
......####.......#
.###.............#
## #.##..........#
######........##
#...........#
#...........###
#...........{..###
#.##........@#....#
## ###..#..###...##
###..## ##..# #..
#..# #..# #..# #..
#..# .. ##.# .P ..


There were no monsters in sight!

Vanquished Creatures
  Harold (D:7)
  The ghost of Gwenloh the Cleaver, a novice HOFi of Cheibriados (D:7)
  Nergalle (Lair:1)
  A cane toad (Lair:1)
  A komodo dragon (Lair:1)
  A hornet (D:8)
  3 blink frogs (Lair:1)
  Grum (D:8)
  Menkaure (D:4)
  Duvessa (D:4)
  A water moccasin (Lair:1)
  5 sky beasts
  A black bear (D:6)
  A phantom (D:4)
  3 ogres
  2 centaurs
  4 wolves (D:8)
  A big kobold (D:8)
  A gnoll sergeant (D:5)
  4 bullfrogs
  A water moccasin zombie (D:8)
  Dowan (D:4)
  2 scorpions (D:7)
  A bullfrog zombie (D:6)
  A quasit (D:8)
  3 hounds
  6 orc priests
  A centaur skeleton (D:8)
  11 orc wizards
  Crazy Yiuf (D:6)
  3 iguanas
  6 worker ants
  A hound skeleton (D:4)
  A howler monkey zombie (D:4)
  3 gnolls (D:5)
  6 adders
  2 river rats (D:5)
  A shadow imp (D:6)
  A white imp (D:5)
  2 ufetubi
  4 worms
  2 dart slugs (D:1)
  7 leopard geckos
  37 orcs
  8 giant cockroaches
  6 goblins
  4 hobgoblins
  8 jackals
  7 kobolds
  7 quokkas
  3 ball pythons
  10 bats
  4 frilled lizards
  A leopard gecko zombie (D:6)
  9 rats
  2 butterflies (D:8)
208 creatures vanquished.

Vanquished Creatures (others)
  An orc wizard (D:5)
  A kobold (D:8)
  6 fungi
  6 plants
14 creatures vanquished.

Grand Total: 222 creatures vanquished

Notes
Turn   | Place    | Note
-------+----------+-------------------------------------------
     0 | D:1      | UrgTar the Minotaur Fighter began the quest for the Orb.
     0 | D:1      | Reached XP level 1. HP: 19/19 MP: 0/0
   273 | D:1      | Reached XP level 2. HP: 25/27 MP: 1/1
   317 | D:1      | Reached skill level 4 in Shields
   721 | D:1      | Reached XP level 3. HP: 33/33 MP: 2/2
  1768 | D:3      | Reached XP level 4. HP: 22/40 MP: 3/3
  1939 | D:3      | Reached XP level 5. HP: 31/46 MP: 4/4
  2131 | D:3      | Noticed a centaur
  2136 | D:3      | Killed a centaur
  2137 | D:3      | Reached skill level 5 in Long Blades
  2137 | D:3      | Reached skill level 1 in Dodging
  2137 | D:3      | Reached skill level 5 in Shields
  2515 | D:4      | Reached skill level 5 in Armour
  2515 | D:4      | Reached XP level 6. HP: 35/53 MP: 5/5
  2637 | D:4      | Noticed Dowan
  2639 | D:4      | Noticed Duvessa
  2752 | D:4      | Reached XP level 7. HP: 25/60 MP: 6/6
  2922 | D:4      | Reached skill level 6 in Shields
  3167 | D:4      | Noticed Menkaure
  3179 | D:4      | Killed Menkaure
  3425 | D:4      | Killed Dowan
  3447 | D:4      | Killed Duvessa
  3630 | D:5      | Entered Level 5 of the Dungeon
  3657 | D:5      | Reached skill level 7 in Shields
  3657 | D:5      | Reached XP level 8. HP: 35/67 MP: 7/7
  3728 | D:5      | Reached skill level 5 in Fighting
  3766 | D:5      | Found a glowing drain.
  3788 | Sewer    | Entered a sewer
  3870 | D:5      | Found a sand-covered staircase.
  3871 | D:5      | You fall into a shaft and drop 1 floor!
  4380 | D:5      | Reached skill level 8 in Shields
  4773 | D:6      | Found a staircase to the Ecumenical Temple.
  4820 | D:6      | Reached XP level 9. HP: 52/75 MP: 8/8
  4913 | D:6      | Found a runed translucent door.
  4914 | D:6      | Noticed Crazy Yiuf
  4919 | D:6      | Killed Crazy Yiuf
  6240 | D:7      | Found Jewonn's Weapon Shoppe.
  6331 | D:7      | Found Vemekk's Gadget Emporium.
  6454 | D:7      | Found a transporter.
  6459 | D:7      | Noticed Gwenloh's ghost (novice HOFi)
  6469 | D:7      | Found a transporter.
  6518 | D:7      | Gained mutation: You have large cloven feet. [potion of
                  | mutation]
  6518 | D:7      | Gained mutation: You have hoof-like feet. [potion of
                  | mutation]
  6518 | D:7      | Gained mutation: Armour fits poorly on your strangely
                  | shaped body. [potion of mutation]
  6518 | D:7      | Gained mutation: Your natural rate of healing is unusually
                  | fast. [potion of mutation]
  6541 | D:7      | Noticed Harold
  6554 | D:7      | Killed Harold
  6555 | D:7      | Reached skill level 5 in Dodging
  6555 | D:7      | Reached skill level 1 in Stealth
  6555 | D:7      | Reached skill level 9 in Shields
  6863 | D:7      | Killed Gwenloh's ghost
  6864 | D:7      | Reached skill level 10 in Shields
  7122 | D:7      | Found Ruanotz's Gadget Shop.
  7174 | D:7      | Found Kunie's Jewellery Emporium.
  7249 | D:7      | Bought a wand of digging (5) for 252 gold pieces
  7289 | D:8      | Reached XP level 10. HP: 84/84 MP: 9/9
  7300 | D:8      | Found Ydecesk's Antique Armour Boutique.
  7329 | D:8      | Found a shimmering altar of Xom.
  7377 | D:8      | Found Palom's Antique Armour Shop.
  7457 | D:8      | Noticed Grum
  7499 | D:8      | Killed Grum
  7511 | D:8      | Found a staircase to the Lair.
  7782 | D:8      | Found Herar's Antique Weapon Shop.
  7793 | D:8      | Reached skill level 10 in Long Blades
  7878 | D:8      | Paralysed by a hornet for 3 turns
  7960 | D:8      | Found a glowing golden altar of the Shining One.
  8050 | D:8      | Found Qustrot's Gadget Emporium.
  8083 | D:8      | Found Utriustru's Antique Armour Boutique.
  8171 | Lair:1   | Entered Level 1 of the Lair of Beasts
  8211 | Lair:1   | Noticed Nergalle
  8241 | Lair:1   | Killed Nergalle
  8264 | Lair:1   | Noticed a cane toad
  8274 | Lair:1   | Killed a cane toad
  8284 | Lair:1   | Reached skill level 11 in Shields
  8624 | Lair:1   | Noticed Erica
  8655 | Lair:1   | HP: 3/86 [something/bolt of poison (18)]
  8656 | Lair:1   | HP: 1/86 [poisoned by Erica (bolt of poison)]
  8658 | Lair:1   | Succumbed to Erica's bolt of poison

Illustrated notes

Levels and vault maps discovered:
D:1:      erik_arrival_triangle_small, layout_loops_ring
D:2:      layout_loops_ring
D:3:      minmay_bubble_buster, layout_rooms, grunt_decor_one_mirror
D:4:      layout_layer_cave, hangedman_abyss_or_decor_stagger,
          due_unseen_surprise, uniq_menkaure, uniq_duvessa
D:5:      layout_loops_ring, portal_sewer_entry_c, nicolae_ossuary_entry_ruins
D:6:      layout_basic, minmay_temple_entry_statues, uniq_crazy_yiuf_cottage
D:7:      layout_cave_pods, gammafunk_ghost_arena, serial_shops,
          nicolae_shop_behind_doors, nicolae_shop_statue_plus, shop,
          shop_fountains, shop, uniq_maggie, uniq_harold
D:8:      layout_loops_ring, xom_butterflies, dpeg_oklobed_lair, serial_shops,
          shop_fountains, shop, nicolae_shop_behind_doors, shop_fountains,
          kennysheep_mini, nicolae_tso_carved_into_rock, uniq_grum
Lair:1:   layout_cave_pods, uniq_nergalle, uniq_erica, uniq_gastronok

Skill      XL: |  1  2  3  4  5  6  7  8  9 10 |
---------------+-------------------------------+-----
Shields        | 4 5 7 8 10 11 | 11.3
Fighting       | 4 5 6 7 |  7.5
Armour         | 4 5 6 7 |  7.9
Long Blades    | 3 4 5 6 8 9 10 | 10.9
Dodging        | 1 3 4 5 6 |  6.7
Stealth        | 1 |  1.6
Slings         | |  0.3
Evocations     | |  0.9

Action                   |  1- 3 |  4- 6 |  7- 9 | 10-12 || total
-------------------------+-------+-------+-------+-------++-------
Melee: Long sword        |    87 |    97 |   384 |   187 ||   755
       Headbutt          |    11 |    18 |    80 |    53 ||   162
       Kick              |       |       |    20 |    60 ||    80
 Fire: Hunting sling     |       |       |     1 |       ||     1
Evoke: Wand              |       |       |     3 |       ||     3
  Use: Scroll            |     5 |     4 |     5 |     5 ||    19
       Potion            |     4 |       |     7 |     5 ||    16
Armor: Scale mail        |    10 |       |       |       ||    10
       Ring mail         |    46 |    34 |    94 |    23 ||   197
       Skin              |       |       |     4 |       ||     4
Dodge: Dodged            |    36 |    25 |   101 |    53 ||   215
Block: Kite shield       |    68 |    89 |   325 |   122 ||   604
       Reflection        |       |     5 |     9 |     6 ||    20
       Rpst.: Long sword |    10 |     6 |    25 |    13 ||    54
